 Dungeon Crawl Stone Soup version 0.26.1-2-gb8aa6d0cf2 (webtiles) character file.

Game seed: 1988009524093284083

159770 DwarfAlpaca the Eclecticist (level 17, -1/111 HPs)
             Began as a Red Draconian Ice Elementalist on Mar 28, 2021.
             Was a High Priest of Sif Muna.
             Killed from afar by Arachne (34 damage)
             ... with a poison arrow
             ... on level 4 of the Spider Nest on Mar 30, 2021.
             The game lasted 04:24:12 (53111 turns).

DwarfAlpaca the Eclecticist (DrIE)                 Turns: 53111, Time: 04:24:12

Health: -1/111     AC: 16    Str:  9 (10) XL:     17   Next: 16%
Magic:  8/38       EV:  6    Int: 25 (27) God:    Sif Muna [*****.]
Gold:   3071       SH:  0    Dex: 11 (12) Spells: 1/50 levels left

rFire    + + +     SeeInvis +   J - +8 spear "Rapoj" {holy, Stlth+}
rCold    + . .     Faith    .   (no shield)
rNeg     . . .     Spirit   .   (armour unavailable)
rPois    .         Reflect  .   E - +2 hat {SInv}
rElec    .         Harm     .   S - +1 cloak
rCorr    +         Rampage  .   b - +1 pair of gloves
Will     +....     Clarity  +   X - +0 pair of boots of Inviolability {rF++ rCorr}
Stlth    +++.......             B - amulet of Qauwkant {Regen+ Slay+3 SInv}
HPRegen  0.68/turn              Y - ring "Pizestri" {rC+ rCorr Int+6 Dex-2}
MPRegen  0.26/turn              x - ring of wizardry

@: lethally poisoned (-1 -> -19), held
A: breathe fire, unfitting armour, blink, clarity, fire resistance 1,
cold-blooded, AC +9
a: Breathe Fire, Blink, Renounce Religion, Channel Magic, Forget Spell, Divine
Exegesis


You were on level 4 of the Spider Nest.
You worshipped Sif Muna.
Sif Muna was extremely pleased with you.
You visited 5 branches of the dungeon, and saw 31 of its levels.
You also visited: Ossuary and Ice Cave.

You collected 3359 gold pieces.
You spent 288 gold pieces at shops.

Inventory:

Hand Weapons
 J - the +8 spear "Rapoj" (weapon) {holy, Stlth+}
   (You found it on level 5 of the Lair of Beasts)

   It has been blessed by the Shining One to cause great damage to the undead
   and demons.
   It makes you more stealthy.
Armour
 b - a +1 pair of gloves (worn)
 E - a +2 hat of see invisible (worn)
 N - a +2 buckler
 S - a +1 cloak (worn)
 X - the +0 pair of boots of Inviolability (worn) {rF++ rCorr}
   (You found it on level 4 of the Spider Nest)

   It greatly protects you from fire.
   It provides partial protection from all sources of acid and corrosion.
Magical Staves
 q - an uncursed staff of conjuration
Jewellery
 x - a ring of wizardry (right hand)
 B - the amulet of Qauwkant (around neck) {Regen+ Slay+3 SInv}
   (You found it on level 2 of the Swamp)

   [amulet of regeneration]

   It affects your accuracy and damage with ranged weapons and melee attacks
   (+3).
   It lets you see invisible.
   It increases your rate of regeneration.
 Y - the ring "Pizestri" (left hand) {rC+ rCorr Int+6 Dex-2}
   (You found it on level 1 of the Swamp)

   [ring of resist corrosion]

   It affects your intelligence (+6).
   It affects your dexterity (-2).
   It protects you from cold.
   It provides partial protection from all sources of acid and corrosion.
Wands
 f - a wand of iceblast (22)
 h - a wand of enslavement (28)
 i - a wand of acid (30)
 s - a wand of flame (50)
 u - a wand of digging (13)
 H - a wand of polymorph (8)
 T - a wand of random effects (10)
Scrolls
 a - 16 scrolls of identify
 d - 13 scrolls of teleportation
 g - 2 scrolls of enchant weapon
 k - 2 scrolls of enchant armour
 n - 8 scrolls of fear
 p - 20 scrolls of remove curse
 y - a scroll of torment {unknown}
 A - 2 scrolls of holy word
 D - 6 scrolls of amnesia
 O - 3 scrolls of blinking
 P - 2 scrolls of immolation
 R - 2 scrolls of fog
 U - a scroll of summoning
Potions
 c - 3 potions of attraction
 e - 22 potions of curing
 j - 6 potions of haste
 l - 6 potions of mutation
 o - 3 potions of lignification
 r - a potion of berserk rage
 t - a potion of magic
 v - 2 potions of invisibility
 w - 5 potions of flight
 z - 5 potions of brilliance
 C - 2 potions of might
 F - 2 potions of resistance
 M - 11 potions of ambrosia
Miscellaneous
 G - a phantom mirror


   Skills:
 - Level 1.7 Dodging
 - Level 1.7 Stealth
 - Level 17.2 Spellcasting
 * Level 13.6 Conjurations
 - Level 1.0 Summonings
 - Level 13.8 Ice Magic
 - Level 14.0 Invocations


You had one spell level left.
You knew the following spells:

 Your Spells              Type           Power        Failure   Level
a - Freeze                Ice            100%         0%          1
b - Frozen Ramparts       Ice            100%         0%          3
c - Ozocubu's Armour      Ice            74%          0%          3
d - Summon Ice Beast      Ice/Summ       56%          1%          4
e - Hailstorm             Conj/Ice       74%          1%          4
f - Iskenderun's Mystic   Conj/Tloc      53%          1%          4
g - Ozocubu's Refrigerat  Ice            37%          1%          6
h - Metabolic Englaciati  Hex/Ice        27%          1%          5
i - Iskenderun's Battles  Conj           74%          1%          5
j - Orb of Destruction    Conj           37%          3%          7
k - Magic Dart            Conj           100%         0%          1
l - Freezing Cloud        Conj/Ice/Air   30%          3%          6

Your spell library contained the following spells:

 Spells                   Type           Power        Failure   Level
 Animate Skeleton         Necr           42%          1%          1
 Apportation              Tloc           42%          1%          1
 Corona                   Hex            23%          1%          1
 Pain                     Necr           84%          1%          1
 Shock                    Conj/Air       100%         1%          1
 Sting                    Tmut/Pois      84%          1%          1
 Summon Small Mammal      Summ           100%         1%          1
 Searing Ray              Conj           100%         0%          2
 Blink                    Tloc           N/A          1%          2
 Call Imp                 Summ           26%          1%          2
 Corpse Rot               Necr/Air       N/A          1%          2
 Ensorcelled Hibernation  Hex/Ice        100%         1%          2
 Poisonous Vapours        Pois/Air       42%          1%          2
 Slow                     Hex            21%          1%          2
 Swiftness                Air            21%          1%          2
 Call Canine Familiar     Summ           26%          1%          3
 Conjure Flame            Conj/Fire      53%          1%          3
 Dazzling Flash           Conj/Hex       100%         1%          3
 Mephitic Cloud           Conj/Pois/Air  44%          1%          3
 Static Discharge         Conj/Air       53%          1%          3
 Stone Arrow              Conj/Erth      100%         1%          3
 Fulminant Prism          Conj/Hex       26%          1%          4
 Ice Form                 Ice/Tmut       54%          1%          4
 Sticky Flame             Conj/Fire      53%          1%          4
 Lightning Bolt           Conj/Air       26%          1%          5
 Ignite Poison            Fire/Tmut/Pois 21%          2%          3
 Lesser Beckoning         Tloc           10%          2%          3
 Summon Guardian Golem    Hex/Summ       24%          2%          3
 Vampiric Draining        Necr           10%          2%          3
 Bolt of Magma            Conj/Fire/Erth 22%          4%          5
 Summon Lightning Spire   Summ/Air       24%          8%          4
 Iron Shot                Conj/Erth      26%          9%          6
 Airstrike                Air            10%          10%         4
 Animate Dead             Necr           10%          10%         4
 Olgreb's Toxic Radiance  Pois           21%          10%         4
 Passage of Golubria      Tloc           N/A          10%         4
 Summon Forest            Summ/Tloc      12%          21%         5
 Agony                    Necr           21%          26%         5
 Blade Hands              Tmut           10%          26%         5
 Spellforged Servitor     Conj/Summ      27%          36%         7
 Eringya's Noxious Bog    Tmut/Pois      10%          78%         6
 Hydra Form               Tmut           10%          78%         6
 Invisibility             Hex            21%          78%         6
 Statue Form              Tmut/Erth      14%          78%         6
 Chain Lightning          Conj/Air       26%          97%         8
 Lehudib's Crystal Spear  Conj/Erth      26%          97%         8
 Summon Hydra             Summ           13%          99%         7
 Dragon Form              Tmut           10%          100%        7


Dungeon Overview and Level Annotations

Branches:
Dungeon (15/15)            Temple (0/1) D:7            Lair (6/6) D:9
  Swamp (4/4) Lair:3       Spider (4/4) Lair:4        Slime (0/5) Lair:6
    Orc (2/2) D:10            Elf (0/3) Orc:2        Vaults (0/5) D:13
 Depths (0/5) D:15        Ossuary (visited)           IceCv (visited)

Altars:
Dithmenos
Gozag
Hepliaklqana
Kikubaaqudgha
Makhleb
Nemelex Xobeh
Sif Muna
Trog
Uskayaw
Vehumet
Xom
Yredelemnul
Beogh
Jiyva

Shops:
D:6 ?   D:7 *   Orc:1 =   Orc:2 (*!(*

Annotations:
D:13 3 runed translucent doors, Cykl0x's ghost, journeyman MiFi; Xuta's ghost, journeyman FoFi
D:14 2 runed translucent doors, Luucrez's ghost, journeyman MiFi
Lair:5 2 transporters, exclusion: ice statue, Wolly's ghost, journeyman CeAM
Swamp:3 Nikola
Spider:4 Arachne
Orc:1 brob1's ghost, adept DDFi
Orc:2 Saint Roka


Innate Abilities, Weirdness & Mutations

You can breathe blasts of fire.
Your fiery red scales are hard. (AC +9)
You cannot fit into any form of body armour.
Your flesh is heat resistant. (rF+)
You are cold-blooded and may be slowed by cold attacks.
You can translocate small distances at will.
You possess an exceptional clarity of mind.


Message History

Confirm with . or Enter, or press ? or * to list all spells.
Aiming: Orb of Destruction (dangerous; 3% risk of failure)
Press: ? - help, Shift-Dir - straight line, f/p - Arachne
Aim: Arachne, wielding a staff of poison (moderately wounded)
You feel sick.
The orb of destruction hits Arachne!!!
Arachne is heavily wounded.
You feel sick.
Casting: Orb of Destruction (dangerous; 3% risk of failure)
Confirm with . or Enter, or press ? or * to list all spells.
Aiming: Orb of Destruction (dangerous; 3% risk of failure)
Press: ? - help, Shift-Dir - straight line, f/p - Arachne
Aim: Arachne, wielding a staff of poison (heavily wounded)
You feel sick.
Arachne's staff shoots out a stream of webbing.
The stream of webbing hits you but does no damage.
You are caught in a web!
Arachne casts a spell at you. The poison arrow hits you!!
You are more poisoned.
You die...

..##..^# #...........<..##
....... #.#.#......[....#
.....# #.......°.....^##
^....#######.....†...#...##
^....'......^...#......^.^##
.....'H.........H°.#.......#
^....'..^.......*○.^.....#.#
.)...#######^...☼....^.^#.##
.....# #....@.^.^..#..#
..).... #......#.......##
.^##^..# #........#.....^#
#####^## ##.............###
## ##.............##
##.......^#......##
##...............#.#
###...(...^........^##
##^........#^.......##


You could see Arachne.

Vanquished Creatures
  Asterion (Spider:3)
  The ghost of Almogavar the Warrior, an adept MiBe of Trog (Lair:3)
  A thorn hunter (Swamp:1)
  Donald (Swamp:1)
  A fenstrider witch (Swamp:3)
  2 emperor scorpions
  3 ghost moths (Spider:4)
  3 spark wasps
  4 entropy weavers
  A bunyip (Swamp:3)
  An ettin (Orc:1)
  2 eleionomae
  2 fire dragons (Lair:6)
  Fannar (Lair:2)
  4 hydras
  A boulder beetle (Lair:5)
  A catoblepas (D:14)
  Harold (D:8)
  4 alligators
  5 centaur warriors
  3 two-headed ogres (Orc:1)
  3 tengu warriors (D:15)
  9 death yaks
  Urug (Lair:2)
  An orc high priest (D:13)
  Sonja (D:11)
  3 spriggan druids
  The ghost of Timinator the Conjurer, a novice DsWz of Vehumet (D:7)
  An unseen horror (shapeshifter) (D:15)
  6 goliath frogs
  4 skeletal warriors (D:14)
  A deep troll (D:13)
  3 bog bodies
  A glowing orange brain (D:15)
  An unseen horror (D:9)
  A swamp dragon (Lair:6)
  3 lindwurms (Lair:6)
  19 wolf spiders
  4 orc knights
  8 orc sorcerers
  2 deep elf magi
  2 manticores
  16 orb spiders
  An oklob plant (Lair:2)
  A faun (D:12)
  2 ugly things
  A manticore (shapeshifter) (D:15)
  4 elephants
  Joseph (D:8)
  7 black mambas
  Maurice (D:8)
  A centaur zombie (D:14)
  3 centaur skeletons
  3 gargoyles
  8 cane toads
  Psyche (D:8)
  7 torpor snails
  4 rime drakes
  A rime drake (shapeshifter) (D:15)
  8 demonic crawlers
  A tengu conjurer (D:15)
  3 yaktaurs (D:15)
  2 kobold demonologists (D:6)
  8 komodo dragons
  An ice devil (Lair:5)
  A queen bee (Lair:6)
  5 trolls
  29 jumping spiders
  3 bloated husks (Swamp:1)
  2 trolls (shapeshifter) (D:15)
  A polar bear (Lair:5)
  3 meliai (Lair:6)
  5 tyrant leeches
  A harpy skeleton (D:15)
  20 hornets
  11 blink frogs
  A centaur simulacrum (D:15)
  3 slime creatures (D:15)
  5 spriggans (Swamp:2)
  50 redbacks
  2 wraiths
  A shadow (D:12)
  A vampire (D:14)
  5 wyverns
  A spriggan (shapeshifter) (D:13)
  23 tarantellas
  Grum (D:8)
  38 yaks
  5 wargs
  2 steam dragons
  9 basilisks
  A soldier ant (D:14)
  6 swamp worms
  2 acid dragons
  8 water moccasins
  4 swamp drakes
  41 orc warriors
  3 sky beasts
  6 ice beasts
  3 black bears
  12 ogres
  13 wolves
  2 necrophages
  16 centaurs
  An elf zombie (D:6)
  Blork the orc (D:4)
  2 big kobolds
  11 bullfrogs
  An elf skeleton (D:6)
  A wyvern zombie (D:14)
  3 scorpions
  A wyvern skeleton (D:7)
  2 jellies
  33 killer bees
  11 wights
  4 electric eels (Lair:3)
  3 howler monkeys
  A bullfrog zombie (D:6)
  A human zombie (D:6)
  3 hounds
  16 orc priests
  3 bullfrog skeletons
  Natasha (thrice) (D:4)
  4 iguanas
  14 orc wizards
  7 hell rats (Lair:1)
  6 worker ants
  A big kobold zombie (Ossuary)
  A hound zombie (D:11)
  3 mummies (Ossuary)
  A worker ant zombie (D:6)
  14 adders
  A hound simulacrum (D:7)
  5 shadow imps (D:6)
  13 white imps
  An ufetubus (D:6)
  2 oozes
  3 worms
  A dart slug (D:2)
  3 leopard geckos
  76 orcs
  3 bats
  4 giant cockroaches
  4 goblins
  6 hobgoblins
  6 jackals
  7 quokkas
  2 ball pythons
  5 frilled lizards
  3 goblin zombies (Ossuary)
  A hobgoblin zombie (Ossuary)
  24 kobolds
  A kobold zombie (Ossuary)
  A leopard gecko skeleton (D:6)
  An orc skeleton (D:6)
  3 orc zombies
  4 rats
880 creatures vanquished.

Vanquished Creatures (collateral kills)
  Gastronok (D:8)
  An emperor scorpion (Spider:3)
  2 hydras
  A centaur warrior (D:14)
  A boulder beetle (D:11)
  3 two-headed ogres
  A bog body (Swamp:1)
  An ugly thing (D:11)
  A cane toad (Lair:2)
  An elephant (D:9)
  Maggie (D:8)
  2 rime drakes
  A demonic crawler (Spider:2)
  A polar bear (Lair:2)
  A vampire (D:10)
  A basilisk (D:9)
  A yak (Lair:6)
  A redback simulacrum (D:13)
  An eye of draining (D:9)
  An orc warrior (D:10)
  A big kobold (D:10)
  3 bullfrogs
  A wight (D:6)
  A bullfrog zombie (D:9)
  2 centaur skeletons
  An orc wizard (D:12)
  A shadow imp (D:10)
  2 white imps (Lair:5)
  An orc (D:10)
37 creatures vanquished.

Vanquished Creatures (others)
  A bloated husk (Swamp:3)
  A shadow (D:14)
  38 fungi
  108 plants
  5 toadstools (Swamp:1)
153 creatures vanquished.

Grand Total: 1070 creatures vanquished

Notes
Turn   | Place    | Note
-------+----------+-------------------------------------------
     0 | D:1      | DwarfAlpaca the Draconian Ice Elementalist began the quest
                  | for the Orb.
     0 | D:1      | Reached XP level 1. HP: 14/14 MP: 3/3
   654 | D:1      | Reached XP level 2. HP: 9/20 MP: 0/5
  1381 | D:1      | Reached XP level 3. HP: 21/26 MP: 3/6
  1498 | D:2      | Learned a level 3 spell: Frozen Ramparts
  1842 | D:2      | Reached skill level 5 in Ice Magic
  1939 | D:2      | Reached XP level 4. HP: 33/33 MP: 4/8
  2538 | D:3      | Learned a level 3 spell: Ozocubu's Armour
  2823 | D:3      | Reached skill level 3 in Spellcasting
  3110 | D:4      | Noticed Blork the orc
  3165 | D:4      | Noticed an ogre
  3356 | D:4      | Killed Blork the orc
  3357 | D:4      | Reached XP level 5. HP: 6/38 MP: 0/10
  3776 | D:4      | Noticed an ogre
  3884 | D:3      | Killed an ogre
  3885 | D:3      | Reached XP level 6. HP: 45/45 MP: 4/11
  3990 | D:4      | Noticed Natasha
  3999 | D:4      | Killed Natasha
  4154 | D:4      | Reached skill level 4 in Spellcasting
  4450 | D:4      | Noticed Natasha
  4458 | D:4      | Killed Natasha
  4527 | D:4      | Your scales start taking on a fiery red colour.
  4527 | D:4      | Reached XP level 7. HP: 30/50 MP: 7/13
  4527 | D:4      | Gained mutation: Your flesh is heat resistant. (rF+) [Red
                  | Draconian growth]
  4655 | D:4      | Learned a level 4 spell: Summon Ice Beast
  4712 | D:4      | Noticed Natasha
  4716 | D:4      | Killed Natasha
  4785 | D:5      | Entered Level 5 of the Dungeon
  4905 | D:5      | Found a shimmering blue altar of Sif Muna.
  4908 | D:5      | Became a worshipper of Sif Muna the Loreminder
  5016 | D:5      | Found a radiant altar of Vehumet.
  5020 | D:5      | Found a sparkling altar of Nemelex Xobeh.
  5020 | D:5      | Found an opulent altar of Gozag.
  5021 | D:5      | Found a hazy altar of Hepliaklqana.
  5103 | D:5      | Found an opulent altar of Gozag.
  5130 | D:5      | Reached skill level 5 in Spellcasting
  5830 | D:6      | Found a sand-covered staircase.
  5934 | Ossuary  | Entered an ossuary
  5934 | Ossuary  | Noticed a wraith
  5934 | Ossuary  | Noticed a wraith
  5934 | Ossuary  | Noticed a wraith
  6106 | Ossuary  | Reached XP level 8. HP: 53/57 MP: 16/16
  6219 | Ossuary  | Reached skill level 6 in Spellcasting
  6664 | D:6      | Reached skill level 7 in Spellcasting
  6678 | D:6      | Learned a level 4 spell: Hailstorm
  6802 | D:6      | Found a transporter.
  6803 | D:6      | Noticed a kobold demonologist
  6846 | D:6      | Reached * piety under Sif Muna
  6914 | D:6      | Found a transporter.
  6923 | D:6      | Noticed a kobold demonologist
  7240 | D:6      | Found a hide-covered altar of Uskayaw.
  7243 | D:6      | Found a shadowy altar of Dithmenos.
  7357 | D:6      | Reached skill level 8 in Spellcasting
  7446 | D:6      | Reached XP level 9. HP: 45/62 MP: 21/21
  7592 | D:6      | Found Nofaki's Magic Scroll Boutique.
  7744 | D:6      | Found a bloodstained altar of Trog.
  7948 | D:6      | Killed a kobold demonologist
  8129 | D:6      | Killed a kobold demonologist
  8130 | D:6      | Reached skill level 9 in Spellcasting
  8543 | D:7      | Reached ** piety under Sif Muna
  9056 | D:7      | Found a basalt altar of Yredelemnul.
  9061 | D:7      | Found a runed translucent gate.
  9061 | D:7      | Found a runed translucent gate.
  9063 | D:7      | Found a runed translucent gate.
  9066 | D:7      | Noticed Timinator's ghost (novice DsWz)
  9223 | D:7      | Found Hohipseo's General Store.
  9293 | D:7      | Killed Timinator's ghost
  9294 | D:7      | Reached skill level 10 in Spellcasting
  9294 | D:7      | Reached XP level 10. HP: 48/69 MP: 22/24
  9543 | D:7      | Found a staircase to the Ecumenical Temple.
  9691 | D:8      | Noticed Maggie
  9696 | D:8      | Noticed Psyche
  9782 | D:8      | Noticed Harold
  9824 | D:8      | Killed Psyche
  9909 | D:8      | Noticed Grum
  9923 | D:8      | Killed Grum
 10094 | D:8      | Noticed Joseph
 10100 | D:8      | Killed Maggie
 10227 | D:8      | Killed Joseph
 10228 | D:8      | Reached skill level 11 in Spellcasting
 10386 | D:8      | Killed Harold
 10478 | D:8      | Noticed Gastronok
 10614 | D:8      | Noticed Maurice
 10676 | D:8      | Killed Maurice
 10908 | D:8      | Killed Gastronok
 11233 | D:9      | Noticed a two-headed ogre
 11235 | D:9      | Reached skill level 12 in Spellcasting
 11748 | D:8      | Reached XP level 11. HP: 67/74 MP: 24/27
 11882 | D:8      | Killed a two-headed ogre
 12120 | D:9      | Found a staircase to the Lair.
 12359 | D:9      | Found a bloodstained altar of Trog.
 12948 | D:10     | Entered Level 10 of the Dungeon
 12956 | D:9      | Reached skill level 10 in Ice Magic
 12967 | D:10     | Noticed an unseen horror
 12978 | D:9      | Killed an unseen horror
 13195 | D:10     | Reached *** piety under Sif Muna
 13251 | D:10     | Noticed a two-headed ogre
 13260 | D:10     | Killed a two-headed ogre
 13873 | D:10     | Noticed a two-headed ogre
 13890 | D:10     | Killed a two-headed ogre
 14110 | D:10     | Reached skill level 13 in Spellcasting
 14204 | D:10     | You fall into a shaft and drop 3 floors!
 14220 | D:13     | Noticed a centaur warrior
 14392 | D:13     | Found a runed translucent gate.
 14392 | D:13     | Found a runed translucent gate.
 14392 | D:13     | Found a runed translucent gate.
 14461 | D:13     | Found an ancient bone altar of Kikubaaqudgha.
 14461 | D:13     | Noticed a lich
 14461 | D:13     | Noticed a lich
 14461 | D:13     | Noticed Xuta's ghost (journeyman FoFi)
 14461 | D:13     | Noticed a lich
 14462 | D:13     | Noticed Cykl0x's ghost (journeyman MiFi)
 14755 | D:12     | Noticed a cyan ugly thing
 14762 | D:12     | Killed a cyan ugly thing
 15046 | D:12     | Reached **** piety under Sif Muna
 15208 | D:12     | Noticed a centaur warrior
 15617 | D:12     | Found a shimmering blue altar of Sif Muna.
 15752 | D:11     | Noticed Sonja
 15770 | D:11     | Killed Sonja
 15771 | D:11     | Reached skill level 1 in Conjurations
 15771 | D:11     | Reached skill level 1 in Summonings
 15771 | D:11     | Reached XP level 12. HP: 73/81 MP: 16/29
 16466 | D:11     | Reached skill level 14 in Spellcasting
 16541 | D:11     | Noticed a boulder beetle
 16620 | D:11     | Killed a boulder beetle
 17253 | D:10     | Found a staircase to the Orcish Mines.
 18256 | Lair:1   | Entered Level 1 of the Lair of Beasts
 18410 | Lair:1   | Reached ***** piety under Sif Muna
 18868 | Lair:1   | Noticed an eight-headed hydra
 19244 | Lair:1   | Reached skill level 1 in Invocations
 19773 | Lair:2   | Noticed an eight-headed hydra
 19842 | Lair:2   | Noticed a death yak
 19844 | Lair:2   | Noticed a death yak
 19848 | Lair:2   | Noticed a death yak
 19870 | Lair:1   | Killed a death yak
 20123 | Lair:2   | Identified Sif Muna's Catalogue of Feathers and Moulding
                  | (Sif Muna gifted it to you on level 2 of the Lair of
                  | Beasts)
 20123 | Lair:2   | Received a gift from Sif Muna
 20415 | D:9      | Killed an eight-headed hydra
 20416 | D:9      | Reached skill level 15 in Spellcasting
 20629 | Lair:2   | Killed an eight-headed hydra
 20630 | Lair:2   | Reached skill level 5 in Invocations
 20945 | Lair:2   | Noticed a death yak
 20985 | Lair:2   | Noticed Urug
 21294 | Lair:2   | Killed Urug
 21473 | Lair:1   | Killed a death yak
 21648 | Lair:2   | Killed a death yak
 21862 | Lair:2   | Killed a death yak
 22053 | Lair:2   | Reached XP level 13. HP: 86/86 MP: 26/32
 22160 | Lair:2   | Noticed Fannar
 22180 | Lair:2   | Killed Fannar
 22921 | Lair:3   | Found a staircase to the Swamp.
 23698 | Lair:4   | Found a hole to the Spider Nest.
 24702 | Lair:5   | Noticed Wolly's ghost (journeyman CeAM)
 24963 | Lair:5   | Found a frozen archway.
 25012 | Lair:5   | Got a fine spear
 25012 | Lair:5   | Identified the +8 spear "Rapoj" {holy, Stlth+} (You found
                  | it on level 5 of the Lair of Beasts)
 25027 | IceCv    | Entered an ice cave
 25032 | IceCv    | Learned a level 3 spell: Summon Guardian Golem
 25524 | Lair:5   | Reached skill level 10 in Invocations
 25895 | Lair:5   | Found a transporter.
 25907 | Lair:5   | Found a hide-covered altar of Uskayaw.
 25918 | Lair:5   | Found a transporter.
 26083 | Lair:5   | Found a shimmering altar of Xom.
 26260 | Lair:6   | Entered Level 6 of the Lair of Beasts
 26435 | Orc:1    | Entered Level 1 of the Orcish Mines
 26437 | Orc:1    | Identified Sif Muna's Collected Works on the Frostbite and
                  | Creation (Sif Muna gifted it to you on level 1 of the
                  | Orcish Mines)
 26437 | Orc:1    | Received a gift from Sif Muna
 26448 | D:10     | Learned a level 6 spell: Ozocubu's Refrigeration
 26770 | Orc:1    | Found Nulust's Jewellery Boutique.
 26876 | Orc:2    | Entered Level 2 of the Orcish Mines
 26919 | Orc:2    | Found a staircase to the Elven Halls.
 26995 | Orc:2    | Paralysed by an orc sorcerer for 5 turns
 27016 | Orc:2    | Found a roughly hewn altar of Beogh.
 27451 | Orc:1    | Noticed an ettin
 27709 | Orc:2    | Found a roughly hewn altar of Beogh.
 28017 | Orc:1    | Found a transporter.
 28022 | Orc:1    | Noticed brob1's ghost (adept DDFi)
 28024 | Orc:1    | Identified the +6 great mace of Gior {vorpal, rElec}
 28024 | Orc:1    | Identified the cursed +2 dire flail of Stickiness {vorpal,
                  | rPois rN+ Will+}
 28043 | Orc:1    | Found a transporter.
 28223 | Orc:1    | Killed an ettin
 28224 | Orc:1    | Reached XP level 14. HP: 93/93 MP: 3/33
 28780 | Orc:2    | Reached skill level 16 in Spellcasting
 29621 | Orc:2    | Found Duck's General Store.
 29712 | Orc:2    | Noticed Saint Roka
 30297 | Orc:2    | Identified Vizemaj's Almanac of the Ninety-Nine Curses (Sif
                  | Muna gifted it to you on level 2 of the Orcish Mines)
 30297 | Orc:2    | Received a gift from Sif Muna
 31278 | Lair:5   | Learned a level 5 spell: Metabolic Englaciation
 32234 | Lair:6   | Found a viscous altar of Jiyva.
 32234 | Lair:6   | Found a staircase to the Slime Pits.
 32708 | Lair:6   | Found a runed translucent door.
 33002 | Lair:6   | Received a gift from Sif Muna
 35661 | Orc:2    | Found Ditot's Assorted Antiques.
 35661 | Orc:2    | Found Zelirch's Distillery.
 35663 | Orc:2    | Found Axzooj's Weapon Shoppe.
 35665 | Orc:2    | Found Pefi's Antique Weapon Shop.
 35674 | Orc:2    | Bought a potion of heal wounds for 80 gold pieces
 35674 | Orc:2    | Bought a potion of haste for 160 gold pieces
 35674 | Orc:2    | Bought a potion of curing for 48 gold pieces
 35678 | Orc:2    | Gained mutation: You can translocate small distances at
                  | will. [potion of mutation]
 35678 | Orc:2    | Gained mutation: You possess an exceptional clarity of
                  | mind. [potion of mutation]
 37091 | D:13     | Found a runed translucent door.
 37344 | D:13     | Reached XP level 15. HP: 93/99 MP: 15/35
 37516 | D:13     | Found a gate to the Vaults.
 37710 | D:13     | Found a roughly hewn altar of Beogh.
 38323 | D:14     | Noticed Luucrez's ghost (journeyman MiFi)
 38324 | D:14     | Noticed a lich
 39026 | D:14     | Found a runed translucent door.
 39027 | D:14     | Noticed a storm dragon
 39028 | D:14     | Found a runed translucent door.
 39328 | Spider:1 | Entered Level 1 of the Spider Nest
 39346 | Lair:4   | Reached skill level 17 in Spellcasting
 40917 | Spider:4 | Entered Level 4 of the Spider Nest
 43488 | Spider:3 | Reached skill level 5 in Conjurations
 43488 | Spider:3 | Reached XP level 16. HP: 105/105 MP: 18/37
 43510 | Spider:3 | Learned a level 5 spell: Iskenderun's Battlesphere
 44604 | Spider:4 | Got a pair of shimmering boots
 44626 | Spider:3 | Identified the +0 pair of boots of Inviolability {rF++
                  | rCorr} (You found it on level 4 of the Spider Nest)
 44800 | Spider:4 | Learned a level 7 spell: Orb of Destruction
 44870 | Spider:4 | Noticed Arachne
 44968 | Swamp:1  | Entered Level 1 of the Swamp
 45153 | Lair:3   | Learned a level 1 spell: Magic Dart
 45179 | Swamp:1  | Found a large runed translucent door.
 45179 | Swamp:1  | Found a large runed translucent door.
 45262 | Swamp:1  | Noticed Donald
 45308 | Swamp:1  | Killed Donald
 45700 | Swamp:1  | Noticed a thorn hunter
 45700 | Swamp:1  | Noticed Almogavar's ghost (adept MiBe)
 45710 | Swamp:1  | Killed a thorn hunter
 46215 | Swamp:1  | Got a pitted platinum ring
 46219 | Swamp:1  | Identified the ring "Pizestri" {rC+ rCorr Int+6 Dex-2} (You
                  | found it on level 1 of the Swamp)
 47037 | Swamp:2  | Found a burning altar of Makhleb.
 47047 | Swamp:2  | Identified Sif Muna's Handbook of Attacks (Sif Muna gifted
                  | it to you on level 2 of the Swamp)
 47047 | Swamp:2  | Received a gift from Sif Muna
 47056 | Swamp:2  | Learned a level 6 spell: Freezing Cloud
 47701 | Swamp:2  | Got a sparkling jade amulet
 47714 | Swamp:2  | Identified the amulet of Qauwkant {Regen+ Slay+3 SInv} (You
                  | found it on level 2 of the Swamp)
 47841 | Swamp:3  | Noticed Nikola
 47879 | Swamp:3  | Reached skill level 10 in Conjurations
 48036 | Swamp:3  | Identified the +7 dagger "Ahawn" {flame, Fragile rF+++
                  | Dex-3 SInv}
 48286 | Swamp:4  | Entered Level 4 of the Swamp
 48342 | Swamp:2  | Learned a level 4 spell: Iskenderun's Mystic Blast
 48594 | Lair:3   | Killed Almogavar's ghost
 48904 | D:15     | Entered Level 15 of the Dungeon
 50161 | D:14     | Noticed a sphinx
 50420 | D:15     | Found a staircase to the Depths.
 51792 | Spider:4 | Noticed Asterion
 52099 | Spider:4 | Reached XP level 17. HP: 43/111 MP: 6/38
 52238 | Spider:3 | Killed Asterion
 53111 | Spider:4 | Killed from afar by Arachne

Illustrated notes

Levels and vault maps discovered:
D:1:      kilobyte_arrival_exit_the_forest, layout_rooms, minmay_misc_feat_room,
          minmay_strange_pillars, serial_bayou_lagoon_a
D:2:      layout_basic
D:3:      layout_rooms, minivault_19
D:4:      layout_basic, uniq_natasha, uniq_blork_the_orc
D:5:      layout_basic, lemuel_blue_sif_altar, grunt_temple_overflow_open,
          nicolae_gozag_seed_capital
D:6:      gammafunk_wand_slinger, layout_loops_ring, kennysheep_mini_moat,
          minitemple, serial_shops, kennysheep_little_box,
          nicolae_ossuary_entry_catacombs, kennysheep_another_room
D:7:      layout_rooms, minmay_temple_entry_statues_pillars, serial_shops,
          nicolae_shop_crystal, gammafunk_ghost_split, minmay_misc_feat_doors,
          lemuel_altar_in_water
D:8:      layout_cave_pools, uniq_grum, uniq_psyche, uniq_harold, uniq_maurice,
          uniq_gastronok, uniq_maggie, uniq_joseph
D:9:      layout_cave_pools, david_lair_generic, bloody_trog
D:10:     layout_gridville, david_orc_3
D:11:     layout_loops_cross, uniq_sonja
D:12:     layout_loops_ring, basic_altar, centaur_isle
D:13:     layout_irregular_city, david_vaults_4, gammafunk_ghost_crypt,
          lightli_church_of_beogh
D:14:     layout_loops_ring, muffindrake_ghost_dual_entry
D:15:     gammafunk_enter_depths_forms, layout_gridville, kennysheep_flooded_box
Lair:1:   layout_loops_ring, minmay_stone_trees_small
Lair:2:   layout_small_grid, serial_bayou_lake_a, serial_bayou_shore_b,
          lemuel_fruit_tree, uniq_fannar, uniq_urug
Lair:3:   layout_cave_shapes, minmay_swamp_entry_eels, serial_bayou_shore_a
Lair:4:   layout_regular_city, dummy_spider_entry
Lair:5:   layout_roguey, portal_ice_cave_entry_imps, nzn_ghost_randoct,
          basic_altar, minivault_11, lemuel_altar_in_water2
Lair:6:   wormcave, layout_gridlike, guppyfry_lair_end_dragon,
          dpeg_slime_entry_enclosed_altar, special_room [special_room_bee]
Swamp:1:  cheibrodos_swamp_tower_of_moss, layout_basic_swamp,
          ebering_ghost_disaster_area, nicolae_swamp_orc_logging_accident,
          uniq_donald
Swamp:2:  layout_basic_swamp, nicolae_swamp_rocky_clearing, swamp_pool1,
          nicolae_swamp_godswood, nicolae_swamp_little_tower
Swamp:3:  layout_basic_swamp, evilmike_swamp_ruin_house_1, uniq_nikola
Swamp:4:  swamp_alternative, layout_basic_swamp, uniq_roxanne
Spider:1: layout_spider_delve, drop_trap
Spider:2: layout_spider_delve
Spider:3: layout_chambers
Spider:4: johnstein_spider_rune_arachne_lair, uniq_asterion
Orc:1:    layout_diamond_mine, serial_shops, shop, gammafunk_ghost_smash
Orc:2:    st_orc_rangers, layout_diamond_mine, serial_shops, shop, basic_altar,
          mines1_david, uniq_saint_roka

Skill      XL: |  1  2  3  4  5  6  7  8  9 10 11 12 13 14 15 16 17 |
---------------+----------------------------------------------------+-----
Ice Magic      | 5 6 6 7 8 9 11 12 13 | 13.8
Spellcasting   | 3 4 5 8 10 12 13 15 16 17 | 17.2
Conjurations   | 1 5 12 13 | 13.6
Summonings     | 1 |  1.0
Invocations    | 6 11 14 | 14.0
Dodging        | |  1.7
Stealth        | |  1.7

Action                   |  1- 3 |  4- 6 |  7- 9 | 10-12 | 13-15 | 16-18 || total
-------------------------+-------+-------+-------+-------+-------+-------++-------
Melee: Short sword       |    69 |   107 |   207 |       |       |       ||   383
       Tailslap          |     4 |    11 |    42 |    32 |    47 |     4 ||   140
       Unarmed           |     1 |       |       |       |       |       ||     1
       Long sword        |       |       |    38 |   278 |    92 |       ||   408
       Spear             |       |       |       |       |   367 |    41 ||   408
 Cast: Freeze            |    23 |    12 |     6 |    25 |   124 |    20 ||   210
       Frozen Ramparts   |     2 |    18 |    14 |    54 |   115 |    16 ||   219
       Summon Ice Beast  |       |       |     5 |    73 |    99 |    18 ||   195
       Hailstorm         |       |       |     2 |    38 |    46 |    42 ||   128
       Ozocubu's Armour  |       |       |       |     6 |    22 |       ||    28
       Ozocubu's Refrige |       |       |       |       |   209 |    73 ||   282
       Summon Guardian G |       |       |       |       |     3 |       ||     3
       Metabolic Englaci |       |       |       |       |     1 |     2 ||     3
       Statue Form       |       |       |       |       |     1 |       ||     1
       Orb of Destructio |       |       |       |       |       |    59 ||    59
       Magic Dart        |       |       |       |       |       |    13 ||    13
       Iskenderun's Batt |       |       |       |       |       |    10 ||    10
       Freezing Cloud    |       |       |       |       |       |     3 ||     3
Invok: Divine Exegesis   |       |       |       |       |     1 |       ||     1
       Channel Magic     |       |       |       |       |       |     2 ||     2
 Abil: Evoke Flight      |     1 |       |       |       |       |       ||     1
       Breathe Fire      |       |       |    48 |    52 |    28 |     3 ||   131
       Blink             |       |       |       |       |     1 |     6 ||     7
Evoke: Wand              |       |       |       |       |     1 |       ||     1
  Use: Scroll            |       |     1 |     4 |    12 |     8 |     9 ||    34
       Potion            |       |       |       |       |     5 |     4 ||     9
 Stab: Sleeping          |     2 |     1 |     5 |       |     7 |       ||    15
       Distracted        |       |       |       |       |     5 |       ||     5
Armor: Skin              |    19 |    37 |   122 |   150 |   317 |    93 ||   738
Dodge: Dodged            |    61 |    62 |   156 |   266 |   469 |   103 ||  1117
       Rpst.: Long sword |       |       |     8 |    66 |    27 |       ||   101
